 Dungeon Crawl Stone Soup version 0.24-a0-232-g49d9ff8 (webtiles) character file.

Game seed: 11382228596714640811

41 vorskei the Grasshopper (level 3, 0/30 HPs)
             Began as a Ghoul Warper on Apr 4, 2019.
             Slain by a worker ant (5 damage)
             ... on level 2 of the Dungeon.
             The game lasted 00:08:42 (1042 turns).

vorskei the Grasshopper (Ghoul Warper)              Turns: 1042, Time: 00:08:43

Health: 0/30       AC:  3    Str: 15    XL:     3   Next: 52%
Magic:  5/5        EV: 11    Int:  8    God:
Gold:   0          SH:  0    Dex:  8    Spells: 4/6 levels left

rFire    . . .     SeeInvis .     - Unarmed
rCold    + . .     Gourm    .   (no shield)
rNeg     + + +     Faith    .   a - +0 leather armour
rPois    ∞         Spirit   .   (no helmet)
rElec    .         Reflect  .   (no cloak)
rCorr    .         Harm     .   (no gloves)
MR       .....                  (no boots)
Stlth    +.........             (no amulet)
HPRegen  0.00/turn              (no ring)
MPRegen  0.09/turn              (no ring)

@: rotting
A: rotting body, claws 1, carnivore, cold resistance 1, negative energy
resistance 3, inhibited regeneration, torment resistance, unbreathing
a: no special abilities


You were on level 2 of the Dungeon.
You were not hungry.

You visited 1 branch of the dungeon, and saw 2 of its levels.

Inventory:

Missiles
 d - 5 tomahawks of dispersal (quivered)
 e - 18 sling bullets
 l - 5 large rocks
Armour
 a - a +0 leather armour (worn)
 i - a +0 ring mail
Jewellery
 j - a +2 ring of evasion {unknown}
Scrolls
 c - 2 scrolls of blinking
 g - 2 scrolls of remove curse {unknown}
 k - a scroll of identify {unknown}
Potions
 h - a potion of curing {unknown}
Comestibles
 b - a chunk of flesh
 f - 2 rations


   Skills:
 + Level 2.7 Fighting
 - Level 0.8 Throwing
 + Level 1.5 Armour
 - Level 1.7 Dodging
 * Level 2.9 Unarmed Combat
 - Level 2.0 Spellcasting
 * Level 2.9 Translocations


You had 4 spell levels left.
You knew the following spells:

 Your Spells              Type           Power        Failure   Level  Hunger
a - Blink                 Tloc           N/A          21%         2    ###....

Your spell library contained the following spells:

 Spells                   Type           Power        Failure   Level  Hunger
 Shroud of Golubria       Chrm/Tloc      #.........   36%         2    ###....
 Gell's Gravitas          Tloc           #.........   36%         3    ####...
 Lesser Beckoning         Tloc           #.........   36%         3    ####...
 Teleport Other           Tloc           #.......     36%         3    ####...
 Passage of Golubria      Tloc           N/A          78%         4    #####..


Dungeon Overview and Level Annotations

Branches:
Dungeon (2/15)

Altars:


Innate Abilities, Weirdness & Mutations

Your body is rotting away.
You thrive on raw meat.
You are immune to poison.
You have sharp fingernails.
You are carnivorous and can eat meat at any time.
Your flesh is cold resistant. (rC+)
You are immune to negative energy. (rN+++)
You do not regenerate when monsters are visible.
You are immune to unholy pain and torment.
You can survive without breathing.


Message History

The worker ant is severely wounded.
The worker ant bites you.
* * * LOW HITPOINT WARNING * * *
You scratch the worker ant but do no damage.
The worker ant is severely wounded.
The worker ant bites you but does no damage.
You scratch the worker ant.
The worker ant is almost dead.
The worker ant barely misses you.
You scratch the worker ant but do no damage.
The worker ant is almost dead.
The worker ant barely misses you.
You barely miss the worker ant.
The worker ant is almost dead.
The worker ant bites you.
* * * LOW HITPOINT WARNING * * *
You scratch the worker ant.
The worker ant is almost dead.
The worker ant bites you.
You die...

#....÷...#
###........#
#..........#
#...).....(#
#.....#####.#
######...........#
#
.........###'###.#
#. .#####...#....#
#.. #.......#..#@#
....#.##....#.#a.#
.....)##.#.##....#
#.........#######
#...###.###.<..#
#...........##.#
#....#..##.....#
###. #..#...)....#
.. .........#.###


You could see a worker ant.

Vanquished Creatures
  An ooze (D:1)
  2 dart slugs (D:1)
  2 leopard geckos (D:1)
  4 bats (D:1)
  2 giant cockroaches (D:1)
  5 hobgoblins (D:1)
  3 kobolds (D:1)
  2 frilled lizards
  3 goblins (D:1)
  5 rats (D:1)
29 creatures vanquished.

Notes
Turn   | Place    | Note
-------+----------+-------------------------------------------
     0 | D:1      | vorskei the Ghoul Warper began the quest for the Orb.
     0 | D:1      | Reached XP level 1. HP: 17/17 MP: 2/2
    65 | D:1      | Reached skill level 1 in Armour
    85 | D:1      | Reached XP level 2. HP: 15/25 MP: 3/3
   125 | D:1      | Learned a level 2 spell: Blink
   417 | D:1      | Reached XP level 3. HP: 25/30 MP: 5/5
  1042 | D:2      | Slain by a worker ant

Levels and vault maps discovered:
D:1:      co_arrival_random_square_maze, layout_loops_ring
D:2:      cheibrodos_helix_gallery, layout_basic,
          hangedman_abyss_or_decor_stabs, kennysheep_generic_room_14

Skill      XL: |  1  2 |
---------------+-------+-----
Armour         | 1 |  1.5
Spellcasting   | 2 |  2.0
Fighting       | |  2.7
Throwing       | |  0.8
Dodging        | |  1.7
Unarmed Combat | |  2.9
Translocations | |  2.9

Action                   || total
-------------------------++-------
Melee: Unarmed           ||   107
  Eat: Chunk             ||    11
Armor: Leather armour    ||    14
Dodge: Dodged            ||    53

Table legend:
 A = Non-vault XP
 B = Vault XP
 C = Vault XP percentage of total XP
 D = Non-vault monster count
 E = Vault monster count
 F = Vault count percentage of total count
                 A         B        C        D         E       F
            +---------+---------+-------+---------+---------+-------
      Total |      59 |       0 |   0.0 |      29 |       0 |   0.0
            +---------+---------+-------+---------+---------+-------
        D:1 |      58 |       0 |   0.0 |      28 |       0 |   0.0
        D:2 |       1 |       0 |   0.0 |       1 |       0 |   0.0
            +---------+---------+-------+---------+---------+-------
